[Event "Titled Tuesday Blitz July 11 Early 2023"]
[White "Kumala, Aleksander"]
[Black "Haitin, Ilja"]
[WhiteFideId "1141880"]
[BlackFideId "4501764"]
[WhiteElo "2572"]
[BlackElo "2362"]
[Result "1/2-1/2"]
[Round "2"]
[TimeControl "180+2"]
[Date "2023.07.11"]
[WhiteClock "0:00:06"]
[BlackClock "0:00:01"]
[Board "154"]

1. d4 e6 2. e4 d5 3. Nd2 Be7 4. Ngf3 Nf6 5. e5 Nfd7 6. Bd3 c5 7. c3 Nc6 8. O-O g5 9. dxc5 Nxc5 10. Bc2 g4 11. Nd4 Nxe5 12. f4 gxf3 13. N2xf3 Ng6 14. Bh6 Bd7 15. b4 Ne4 16. Qe1 f5 17. c4 Qb6 18. c5 Qc7 19. Bxe4 dxe4 20. Ng5 Bxg5 21. Bxg5 O-O 22. Rd1 Ba4 23. Rc1 Qe5 24. Ne2 Bb5 25. Bh6 Rf7 26. Rf2 Bxe2 27. Qxe2 Rd8 28. Qc2 f4 29. b5 e3 30. Re2 Qh5 31. c6 bxc6 32. bxc6 Qxh6 33. c7 Rc8 34. Qe4 Qf8 35. Qxe6 Kh8 36. Rec2 Re7 37. Qd6 f3 38. gxf3 e2 39. Re1 Rexc7 40. Rxc7 Qxd6 41. Rxc8+ Kg7 42. Rxe2 Nf4 43. Rec2 Qd1+ 44. Kf2 Qd4+ 45. Kg3 Ng6 46. R8c7+ Kh6 47. R7c4 Qg1+ 48. Kh3 Qf1+ 49. Kg3 Qe1+ 50. Kg2 Qe6 51. h3 a6 52. a4 Qf6 53. Kg3 Qg5+ 54. Rg4 Qe5+ 55. Kg2 Nf4+ 56. Kg1 Qe1+ 57. Kh2 Qe5 58. Rc6+ Ng6+ 59. Kg2 Qe2+ 60. Kg3 Qe1+ 61. Kg2 Qe2+ 62. Kg3 Qd1 63. Kg2 Qe2+ 1/2-1/2


[Site "https://www.chess.com"]

[Event "Titled Tuesday Blitz July 11 Early 2023"]
[White "Ganiev, Roman"]
[Black "Alahakoon, Isuru"]
[WhiteFideId "4131452"]
[BlackFideId "9900993"]
[WhiteElo "2566"]
[BlackElo "2360"]
[Result "0-1"]
[Round "2"]
[TimeControl "180+2"]
[Date "2023.07.11"]
[WhiteClock "0:00:01"]
[BlackClock "0:01:01"]
[Board "155"]

1. e4 d5 2. exd5 Qxd5 3. Nc3 Qa5 4. d4 Nf6 5. Bc4 Bg4 6. Nf3 Nc6 7. Bd2 O-O-O 8. Nd5 Qa4 9. Bb3 Qa6 10. Ne3 Bxf3 11. Qxf3 Nxd4 12. Qd1 Ne4 13. Bc4 Qg6 14. Bd3 f5 15. O-O e5 16. Re1 Nxd2 17. Kh1 e4 18. Qxd2 exd3 19. Qxd3 Nf3 20. Qb3 Nxe1 21. Rxe1 Bc5 22. Nd5 Rhe8 23. Rd1 c6 24. c4 cxd5 25. cxd5 Kb8 26. Qc4 Bd6 27. g3 Qg4 28. Rd4 Qf3+ 0-1


[Site "https://www.chess.com"]

[Event "Titled Tuesday Blitz July 11 Early 2023"]
[White "Bashirli, Saadat"]
[Black "Sebag, Marie"]
[WhiteFideId "13429990"]
[BlackFideId "617822"]
[WhiteElo "2343"]
[BlackElo "2559"]
[Result "1-0"]
[Round "2"]
[TimeControl "180+2"]
[Date "2023.07.11"]
[WhiteClock "0:00:50"]
[BlackClock "0:00:16"]
[Board "156"]

1. e4 c6 2. d4 d5 3. exd5 cxd5 4. Bd3 Nc6 5. c3 Nf6 6. Bf4 g6 7. Nf3 Bf5 8. Bxf5 gxf5 9. Nbd2 e6 10. Ne5 Rg8 11. g3 Rc8 12. Qa4 a6 13. Ndf3 b5 14. Qxa6 Nxe5 15. Nxe5 b4 16. O-O bxc3 17. bxc3 Nd7 18. Nc6 Rxc6 19. Qxc6 Qh4 20. Kh1 Qh5 21. f3 Bh6 22. Qc8+ Ke7 23. Qxg8 Bxf4 24. gxf4 1-0


[Site "https://www.chess.com"]

[Event "Titled Tuesday Blitz July 11 Early 2023"]
[White "Zubarev, Alexander"]
[Black "Avalos Parra, Joao"]
[WhiteFideId "14104385"]
[BlackFideId "3402541"]
[WhiteElo "2547"]
[BlackElo "2341"]
[Result "1-0"]
[Round "2"]
[TimeControl "180+2"]
[Date "2023.07.11"]
[WhiteClock "0:01:19"]
[BlackClock "0:01:44"]
[Board "157"]

1. e4 e5 2. Nf3 Nc6 3. Bc4 Bc5 4. c3 Nf6 5. d4 exd4 6. e5 d5 7. Be2 Ne4 8. cxd4 Bb4+ 9. Bd2 Nxd2 10. Nbxd2 O-O 11. O-O f6 12. Bb5 Bg4 13. h3 Bh5 14. Qb3 Bxd2 15. Bxc6 bxc6 16. Nxd2 fxe5 17. dxe5 Qg5 18. Qc3 c5 19. Rae1 Rad8 20. e6 Rfe8 21. Re5 Qg6 22. e7 Rb8 23. Qxc5 Rxb2 24. Qxd5+ Qf7 25. Rxh5 Rxd2 26. Qxd2 Qxh5 27. Re1 Qc5 28. Qd7 Kf7 29. Qe6# 1-0


[Site "https://www.chess.com"]

[Event "Titled Tuesday Blitz July 11 Early 2023"]
[White "Rosenberg, Evan S"]
[Black "robertoalejandro10"]
[WhiteFideId "2019299"]
[WhiteElo "2337"]
[BlackElo "2545"]
[Result "0-1"]
[Round "2"]
[TimeControl "180+2"]
[Date "2023.07.11"]
[WhiteClock "0:00:22"]
[BlackClock "0:00:17"]
[Board "158"]

1. d4 Nf6 2. Nf3 c5 3. d5 d6 4. Nc3 g6 5. e4 Bg7 6. Bb5+ Bd7 7. a4 O-O 8. Be2 Na6 9. O-O Nc7 10. h3 a6 11. a5 Nb5 12. e5 Nxc3 13. bxc3 dxe5 14. Nxe5 Ne4 15. Nxd7 Qxd7 16. Bb2 Nxc3 17. Bxc3 Bxc3 18. Ra2 Rfd8 19. Qd3 Bf6 20. c4 Qc7 21. Rb1 Rdb8 22. Bf3 Bd4 23. Re2 Ra7 24. Rbe1 Bf6 25. Qd2 Kg7 26. g3 b5 27. axb6 Rxb6 28. h4 Rb2 29. Qc1 Rxe2 30. Rxe2 Bd4 31. h5 Qxg3+ 32. Bg2 Qh4 33. hxg6 hxg6 34. Qb1 Rd7 35. Qb6 Rd6 36. Qa7 Rf6 37. d6 Bxf2+ 38. Kf1 0-1


[Site "https://www.chess.com"]

[Event "Titled Tuesday Blitz July 11 Early 2023"]
[White "TomLiu777"]
[Black "Adla, Diego"]
[BlackFideId "100072"]
[WhiteElo "2335"]
[BlackElo "2544"]
[Result "1-0"]
[Round "2"]
[TimeControl "180+2"]
[Date "2023.07.11"]
[WhiteClock "0:02:35"]
[BlackClock "0:02:03"]
[Board "159"]

1. c4 Nf6 2. Nc3 g6 3. g3 Bg7 4. Bg2 d6 5. d4 O-O 6. Nf3 Nc6 7. O-O b6 8. Ne5 dxe5 9. Bxc6 Rb8 10. dxe5 Nd7 11. e6 fxe6 12. Bf4 Nc5 13. Qxd8 Rxd8 14. Bxc7 Na6 15. Bxd8 1-0


[Site "https://www.chess.com"]

[Event "Titled Tuesday Blitz July 11 Early 2023"]
[White "Blokhin, Sofia"]
[Black "Mattheii"]
[WhiteFideId "4508190"]
[WhiteElo "2329"]
[BlackElo "2543"]
[Result "0-1"]
[Round "2"]
[TimeControl "180+2"]
[Date "2023.07.11"]
[WhiteClock "0:00:00"]
[BlackClock "0:00:04"]
[Board "160"]

1. d4 Nf6 2. c4 e6 3. Nc3 Bb4 4. f3 c5 5. a3 Bxc3+ 6. bxc3 O-O 7. e3 d6 8. Nh3 Nc6 9. Bd2 b6 10. Bd3 Ba6 11. Nf2 Na5 12. O-O Bxc4 13. Bxc4 Nxc4 14. e4 cxd4 15. cxd4 h6 16. Bf4 Nh5 17. Bc1 Rc8 18. f4 f5 19. Qxh5 fxe4 20. Nxe4 Rf5 21. Qg6 Qd7 22. Ng3 Rf6 23. Qd3 b5 24. Ne4 Rf5 25. g4 Rf7 26. Ng3 Rcf8 27. Ra2 Qb7 28. d5 e5 29. f5 a6 30. Raf2 Nb6 31. Rd1 Rc8 32. g5 hxg5 33. Bxg5 Rc4 34. f6 Rg4 35. Qf5 Qd7 36. Qxd7 Nxd7 37. Be3 gxf6 38. Kf1 Rh7 39. Ke2 Ra4 40. Rd3 Kf8 41. Nf5 Nc5 42. Rd1 Rxa3 43. Nxd6 Ra2+ 44. Rd2 Rxd2+ 45. Bxd2 Ke7 46. Nf5+ Kd7 47. Ng3 Rf7 48. h4 Nb3 49. h5 a5 50. h6 a4 51. Bb4 Nd4+ 52. Kd3 f5 53. Bc5 f4 54. Ne4 Nf5 55. Bb4 Kc7 56. Rh2 Rh7 57. Nf6 Rh8 58. h7 Ng3 59. Ne4 Nf5 60. Ng5 Ng3 61. Nf7 e4+ 62. Kd2 Nf1+ 63. Kc3 Nxh2 64. Nxh8 f3 65. Ng6 f2 66. h8=Q f1=Q 67. Qe5+ Kc8 68. Ne7+ Kd7 69. Qd6+ Ke8 70. Qb8+ Kf7 71. Qh8 Qc4+ 72. Kd2 Qxb4+ 73. Ke3 Qxe7 74. Qxh2 Qc5+ 0-1


[Site "https://www.chess.com"]

[Event "Titled Tuesday Blitz July 11 Early 2023"]
[White "Bilan, Danila"]
[Black "Sawyer, Bradley"]
[WhiteFideId "24161918"]
[BlackFideId "2023784"]
[WhiteElo "2535"]
[BlackElo "2327"]
[Result "1-0"]
[Round "2"]
[TimeControl "180+2"]
[Date "2023.07.11"]
[WhiteClock "0:00:04"]
[BlackClock "0:00:19"]
[Board "161"]

1. d4 Nf6 2. Nf3 e6 3. g3 b5 4. e3 b4 5. c4 Bb7 6. Bg2 Be7 7. O-O O-O 8. b3 d5 9. Ne5 Nbd7 10. f4 Ne4 11. Bb2 f6 12. Nd3 c5 13. Nd2 f5 14. cxd5 exd5 15. Rc1 Rc8 16. dxc5 Ndxc5 17. Nf3 Qb6 18. Nde5 Rfd8 19. Qd4 Bf6 20. Rfd1 a5 21. Ba1 Qa7 22. Ne1 a4 23. N1d3 axb3 24. axb3 Qa5 25. Qxb4 Qxb4 26. Nxb4 Nxb3 27. Rxc8 Rxc8 28. Bb2 Be7 29. Nxd5 Bxd5 30. Rxd5 Rc2 31. Nd3 Rd2 32. Bf1 Bc5 33. Nxc5 Rxd5 34. Bc4 Nbxc5 35. Bxd5+ Kf8 36. Bxe4 Nxe4 37. Kg2 g6 38. Kf3 Ke7 39. h3 Nd2+ 40. Ke2 Ne4 41. g4 Ke6 42. Kd3 Nf2+ 43. Ke2 Nxh3 44. g5 Kd6 45. Kf3 Ng1+ 46. Kf2 1-0


[Site "https://www.chess.com"]

[Event "Titled Tuesday Blitz July 11 Early 2023"]
[White "mjbacojo"]
[Black "Bogaudinov, Rushan"]
[BlackFideId "4129288"]
[WhiteElo "2521"]
[BlackElo "2324"]
[Result "0-1"]
[Round "2"]
[TimeControl "180+2"]
[Date "2023.07.11"]
[WhiteClock "0:01:36"]
[BlackClock "0:00:30"]
[Board "162"]

1. e4 c5 2. Nf3 e6 3. d4 cxd4 4. Nxd4 a6 5. c4 Nc6 6. Nc3 Nf6 7. Nc2 Qc7 8. Be2 Be7 9. O-O O-O 10. f4 d6 11. Be3 b6 12. Rc1 Bb7 13. Nd4 Nxd4 14. Qxd4 d5 15. Qxb6 Qxb6 16. Bxb6 dxe4 17. c5 Nd5 18. b4 Nxb6 19. cxb6 Bxb4 20. Na4 Rac8 21. Rfd1 Rxc1 22. Rxc1 Rc8 23. Rd1 Kf8 24. Rd7 Bc6 25. Rc7 Rxc7 26. bxc7 Bb7 27. Kf1 Bd6 28. Nb6 Bxc7 29. Nd7+ Ke7 30. Nc5 Bd5 31. Nxa6 Bxf4 32. Nb4 Bxh2 33. a4 Bc7 34. Bb5 f5 35. Ke2 g5 36. Bc6 Kd6 0-1


[Site "https://www.chess.com"]

[Event "Titled Tuesday Blitz July 11 Early 2023"]
[White "San Thit Lwin"]
[Black "Tomb, Maroun"]
[WhiteFideId "13001272"]
[BlackFideId "5300398"]
[WhiteElo "2323"]
[BlackElo "2517"]
[Result "0-1"]
[Round "2"]
[TimeControl "180+2"]
[Date "2023.07.11"]
[WhiteClock "0:00:36"]
[BlackClock "0:00:19"]
[Board "163"]

1. Nf3 d6 2. c4 Nf6 3. Nc3 Nbd7 4. d4 e5 5. e4 Be7 6. Be2 c6 7. O-O a5 8. Be3 Qc7 9. Rc1 O-O 10. Qc2 h6 11. Rfd1 Re8 12. h3 Bf8 13. Bf1 exd4 14. Nxd4 Nc5 15. b3 Bd7 16. Bd3 Rad8 17. f3 Bc8 18. Qf2 g6 19. Qh4 Nh5 20. Bf1 Be7 21. Qf2 Bg5 22. f4 Bf6 23. g4 Ng7 24. Bg2 b6 25. Nde2 Bb7 26. Bd4 Qe7 27. Bxf6 Qxf6 28. Qd4 Qxd4+ 29. Rxd4 Kf8 30. Rcd1 Ke7 31. Nc1 Nge6 32. R4d2 Nxf4 33. Bf1 Nce6 34. Na4 b5 35. cxb5 cxb5 36. Bxb5 Rg8 37. Nb6 h5 38. Nd5+ Bxd5 39. exd5 Ng5 40. Re1+ Kf8 41. h4 Nf3+ 42. Kf2 Nxd2 43. g5 Kg7 44. Re7 Nxd5 45. Ra7 Nc3 46. Bc4 Nxc4 47. bxc4 Rge8 48. Nd3 Re2+ 49. Kf3 Rde8 50. Nf4 R8e3# 0-1


[Site "https://www.chess.com"]

[Event "Titled Tuesday Blitz July 11 Early 2023"]
[White "DeyanKostov"]
[Black "Kubicka, Anna"]
[BlackFideId "1152254"]
[WhiteElo "2318"]
[BlackElo "2515"]
[Result "1-0"]
[Round "2"]
[TimeControl "180+2"]
[Date "2023.07.11"]
[WhiteClock "0:01:05"]
[BlackClock "0:01:12"]
[Board "164"]

1. d4 Nf6 2. c4 c5 3. d5 e6 4. Nc3 exd5 5. cxd5 d6 6. e4 g6 7. Nf3 Bg7 8. h3 O-O 9. Bd3 a6 10. O-O b5 11. a3 Nbd7 12. Re1 c4 13. Bc2 Nc5 14. Bf4 Nh5 15. Bh2 Re8 16. Nd4 Qf6 17. Nc6 Nf4 18. Qd2 Nfd3 19. Bxd3 Nxd3 20. Re2 Nxb2 21. e5 dxe5 22. Qxb2 e4 23. Rc1 Bf5 24. Qd2 h5 25. Bf4 Rac8 26. Na2 Bd7 27. Nab4 a5 28. Nxa5 c3 29. Qe3 Ra8 30. Nac6 Rxa3 31. Rec2 Rea8 32. Be5 Qe7 33. Nxe7+ 1-0


[Site "https://www.chess.com"]

[Event "Titled Tuesday Blitz July 11 Early 2023"]
[White "Perske, Thore"]
[Black "Samarth J Rao"]
[WhiteFideId "12902195"]
[BlackFideId "46652370"]
[WhiteElo "2514"]
[BlackElo "2314"]
[Result "1-0"]
[Round "2"]
[TimeControl "180+2"]
[Date "2023.07.11"]
[WhiteClock "0:00:04"]
[BlackClock "0:00:13"]
[Board "165"]

1. e4 c5 2. Nf3 d6 3. g3 Nf6 4. d3 g6 5. Bg2 Bg7 6. O-O O-O 7. Nc3 Nc6 8. h3 e5 9. a4 Be6 10. Ng5 h6 11. Nxe6 fxe6 12. Be3 Nd4 13. Qd2 Kh7 14. Kh2 g5 15. a5 Qe8 16. Qd1 Qg6 17. Nb1 c4 18. dxc4 Nxe4 19. c3 Nc6 20. Nd2 Nxd2 21. Qxd2 Rad8 22. a6 d5 23. cxd5 exd5 24. Bc5 Rf7 25. axb7 Rxb7 26. b4 e4 27. Ra6 Qe8 28. f3 exf3 29. Rxf3 Ne5 30. Re3 Qb5 31. Qe2 Nc4 32. Ree6 Qd7 33. Qd3+ Kg8 34. Rg6 Ne5 35. Rxg7+ Qxg7 36. Qf5 Rf7 37. Qe6 Kh7 38. Bd4 Re7 39. Qf5+ Kg8 40. Rf6 Rde8 41. Bxd5+ Kh8 42. Be6 Nc6 43. Rxh6# 1-0


[Site "https://www.chess.com"]

[Event "Titled Tuesday Blitz July 11 Early 2023"]
[White "Szente Varga, Fruzsina"]
[Black "Fonseca Manrique, Enrique"]
[WhiteFideId "712264"]
[BlackFideId "5114330"]
[WhiteElo "2314"]
[BlackElo "2513"]
[Result "0-1"]
[Round "2"]
[TimeControl "180+2"]
[Date "2023.07.11"]
[WhiteClock "0:00:03"]
[BlackClock "0:00:21"]
[Board "166"]

1. e4 c5 2. Nf3 e6 3. b3 Nc6 4. Bb2 Qc7 5. Nc3 a6 6. g3 Nf6 7. Bg2 Be7 8. O-O d6 9. d4 cxd4 10. Nxd4 O-O 11. Nce2 d5 12. exd5 exd5 13. Nf4 Rd8 14. Qd2 Bb4 15. c3 Bc5 16. Rac1 Ne5 17. Nd3 Nxd3 18. Qxd3 Bg4 19. Rfe1 Rac8 20. Nf5 Bh5 21. Qd2 Bg6 22. Nh4 Ne4 23. Bxe4 dxe4 24. Qe2 e3 25. f4 Bd3 26. Qg4 e2+ 27. Kg2 Qc6+ 28. Kh3 Qh6 29. c4 Rc6 30. f5 Bf2 31. f6 Bxe1 32. Rxe1 Re6 33. fxg7 Bg6 34. Kg2 Qd2 35. Bf6 Qxe1 36. Bxd8 Qf1# 0-1


[Site "https://www.chess.com"]

[Event "Titled Tuesday Blitz July 11 Early 2023"]
[White "FromTexas54"]
[Black "Todorovic, Bojan"]
[BlackFideId "917087"]
[WhiteElo "2512"]
[BlackElo "2312"]
[Result "1/2-1/2"]
[Round "2"]
[TimeControl "180+2"]
[Date "2023.07.11"]
[WhiteClock "0:00:16"]
[BlackClock "0:00:04"]
[Board "167"]

1. Nf3 g6 2. g3 Bg7 3. Bg2 Nf6 4. d3 O-O 5. Nc3 d5 6. Bd2 c6 7. O-O Nbd7 8. e4 dxe4 9. dxe4 Nc5 10. Re1 Bg4 11. Bf4 Qxd1 12. Raxd1 Rfd8 13. h3 Bxf3 14. Bxf3 Nfd7 15. Be3 Bxc3 16. bxc3 Na4 17. c4 Ne5 18. Be2 Nc3 19. Rxd8+ Rxd8 20. Bxa7 Nxe2+ 21. Rxe2 Ra8 22. Bc5 Rxa2 23. Bxe7 Nxc4 24. Bf6 b5 25. f4 h5 26. g4 b4 27. Kf1 Ra1+ 28. Kg2 Rd1 29. gxh5 gxh5 30. Kf3 Rg1 31. Bd4 Rf1+ 32. Kg2 Rxf4 33. Bc5 f5 34. e5 Re4 35. Rxe4 fxe4 36. e6 Kg7 37. Kf2 Kf6 38. e7 Kf7 39. Bxb4 Nb6 40. Bc5 Nd5 41. c4 Nxe7 42. Ke3 Nf5+ 43. Kxe4 Ke6 44. Kf4 Nd6 45. Kg5 Nxc4 46. Kxh5 Ne5 47. Kg5 Nf3+ 48. Kf4 Nh4 49. Bf2 Ng6+ 50. Kg5 Kf7 51. Bd4 Ne7 52. h4 Nd5 53. h5 Kg8 54. Be5 Kh7 55. Bd4 Nc7 56. Kf5 Ne8 57. Be5 Ng7+ 58. Ke4 Nxh5 59. Kd4 Kg6 60. Kc5 Kf5 61. Bd6 Nf6 62. Kxc6 1/2-1/2


[Site "https://www.chess.com"]

[Event "Titled Tuesday Blitz July 11 Early 2023"]
[White "only_strong_moves"]
[Black "Cardozo Munar, Carlos Eduardo"]
[BlackFideId "4409477"]
[WhiteElo "2512"]
[BlackElo "2306"]
[Result "1-0"]
[Round "2"]
[TimeControl "180+2"]
[Date "2023.07.11"]
[WhiteClock "0:01:51"]
[BlackClock "0:01:37"]
[Board "168"]

1. d4 d5 2. Nc3 Nf6 3. Bf4 Bf5 4. e3 e6 5. Nf3 Bd6 6. Ne5 Nbd7 7. Nxd7 Nxd7 8. g4 Bxf4 9. exf4 Bg6 10. h4 h5 11. g5 a6 12. Bd3 Bxd3 13. Qxd3 Qe7 14. O-O-O c5 15. Rhe1 cxd4 16. Nxd5 Qc5 17. Qxd4 Qxd4 18. Rxd4 O-O-O 19. Nc3 Nc5 20. Rc4 b6 21. b4 1-0


[Site "https://www.chess.com"]

[Event "Titled Tuesday Blitz July 11 Early 2023"]
[White "AndresDelgado77"]
[Black "WindWhistler11"]
[WhiteElo "2304"]
[BlackElo "2511"]
[Result "0-1"]
[Round "2"]
[TimeControl "180+2"]
[Date "2023.07.11"]
[WhiteClock "0:00:00"]
[BlackClock "0:00:02"]
[Board "169"]

1. e4 e6 2. d4 d5 3. e5 c5 4. c3 Nc6 5. Nf3 Bd7 6. a3 c4 7. Be3 Na5 8. Nbd2 Qc7 9. h4 Ne7 10. h5 h6 11. g4 Nc8 12. g5 hxg5 13. Nxg5 Nb6 14. f4 f6 15. Ngf3 O-O-O 16. Bh3 f5 17. Nh4 Be8 18. Ng6 Bxg6 19. hxg6 Rh6 20. Qf3 Be7 21. O-O-O Nb3+ 22. Kb1 Na4 23. Bf1 Rxg6 24. Qh5 Rh6 25. Qf3 Rxh1 26. Qxh1 Bxa3 27. Nxb3 cxb3 28. Bc1 Bf8 29. Bb5 Nb6 30. Qh7 a6 31. Bd3 a5 32. Qg6 Qe7 33. Rh1 a4 34. Rh7 a3 35. bxa3 Na4 36. Bb2 Kb8 37. Qg2 Rc8 38. Qd2 Qc7 39. Bb5 Nb6 40. a4 Nc4 41. Qe2 Nxb2 42. Qxb2 Qa5 43. Bd7 Rxc3 44. Rh8 Re3 45. Rxf8+ Ka7 46. Qf2 Qc3 0-1


[Site "https://www.chess.com"]

[Event "Titled Tuesday Blitz July 11 Early 2023"]
[White "Rengifo Blancas, Renzo Jhonathan"]
[Black "Andreassen, Lars"]
[WhiteFideId "3807185"]
[BlackFideId "1504878"]
[WhiteElo "2510"]
[BlackElo "2303"]
[Result "0-1"]
[Round "2"]
[TimeControl "180+2"]
[Date "2023.07.11"]
[WhiteClock "0:00:18"]
[BlackClock "0:00:08"]
[Board "170"]

1. e4 d6 2. d4 Nf6 3. Nc3 e5 4. Nge2 Nbd7 5. g3 Be7 6. Bg2 O-O 7. O-O c6 8. h3 Qc7 9. f4 b5 10. a3 a5 11. Be3 Ba6 12. Kh2 b4 13. Nb1 c5 14. d5 Rfe8 15. Nd2 exf4 16. Nxf4 Bf8 17. Rf2 Ne5 18. Nh5 Nxh5 19. Qxh5 g6 20. Qh4 Bg7 21. Bh6 Bh8 22. Bf1 c4 23. Nf3 Qb6 24. Kg2 Nxf3 25. Rxf3 Bxb2 26. Rb1 bxa3 27. Rxa3 Qd4 28. Be3 Qh8 29. Rxa5 Qc3 30. Ra2 Qxc2+ 31. Kg1 Qxb1 32. Rxb2 Qxb2 33. e5 Qxe5 34. Bd4 Qxd5 35. Qf6 Qxd4+ 36. Qxd4 Re1 37. Kf2 Rxf1+ 38. Kxf1 c3+ 39. Ke1 c2 40. Kd2 Rc8 41. Kc1 Be2 42. Qxd6 Bd1 43. h4 Ra8 44. Qd4 Rb8 45. Kd2 h5 46. g4 Rb1 47. Qd8+ Kh7 48. Qc7 c1=Q+ 49. Qxc1 Rxc1 50. gxh5 Bxh5 51. Kxc1 Kg7 52. Kd2 Kf6 53. Ke3 Kf5 54. Kf2 f6 55. Kg1 Kf4 56. Kf2 Kg4 57. Kg2 Kxh4 58. Kh2 g5 59. Kg2 f5 60. Kf2 f4 61. Kg1 g4 62. Kf2 g3+ 63. Kf1 Bf7 64. Kg1 Bd5 65. Kf1 Kh3 66. Kg1 Bf3 67. Kf1 Kh2 0-1


[Site "https://www.chess.com"]

[Event "Titled Tuesday Blitz July 11 Early 2023"]
[White "Dwilewicz, Katarzyna"]
[Black "Shvedova, Alexandra"]
[WhiteFideId "1148486"]
[BlackFideId "54154782"]
[WhiteElo "2302"]
[BlackElo "2508"]
[Result "0-1"]
[Round "2"]
[TimeControl "180+2"]
[Date "2023.07.11"]
[WhiteClock "0:00:01"]
[BlackClock "0:00:17"]
[Board "171"]

1. e4 c5 2. Nf3 Nc6 3. c3 Nf6 4. e5 Nd5 5. d4 cxd4 6. Bc4 Nb6 7. Bb3 g6 8. cxd4 d5 9. exd6 Qxd6 10. Nc3 Bg7 11. O-O O-O 12. Ne4 Qd8 13. Be3 Bg4 14. Nc5 Qc7 15. h3 Bxf3 16. Qxf3 Nxd4 17. Bxd4 Bxd4 18. Nxb7 Bxb2 19. Rab1 Bg7 20. Rfc1 Qe5 21. Re1 Qg5 22. Rbc1 e6 23. Nd6 Qe7 24. Rc6 Rad8 25. Ne4 Nd7 26. Rc7 Qb4 27. Rd1 Ne5 28. Qe2 Rxd1+ 29. Bxd1 Qb6 30. Qc2 Rd8 31. Be2 h6 32. g3 f5 33. Rc8 Rxc8 34. Qxc8+ Kh7 35. Nc3 Nc6 36. Kg2 Bxc3 37. Qxe6 Bg7 38. Bc4 h5 39. Qf7 Ne5 40. Qg8+ Kh6 41. Be6 Qc6+ 42. Kh2 Nf3+ 43. Kg2 Ng5+ 44. Kf1 Nxe6 45. f4 Qc4+ 46. Kf2 Qxa2+ 47. Kg1 Qb1+ 48. Kg2 Qc2+ 49. Kf1 Qd3+ 50. Ke1 Qe3+ 0-1


[Site "https://www.chess.com"]

[Event "Titled Tuesday Blitz July 11 Early 2023"]
[White "AlivodicDario"]
[Black "Romero Arzuaga, Yudel"]
[BlackFideId "3521010"]
[WhiteElo "2507"]
[BlackElo "2300"]
[Result "0-1"]
[Round "2"]
[TimeControl "180+2"]
[Date "2023.07.11"]
[WhiteClock "0:00:02"]
[BlackClock "0:00:10"]
[Board "172"]

1. d4 d5 2. c4 e6 3. Nf3 Be7 4. Nc3 Nf6 5. Bg5 O-O 6. e3 c6 7. Bd3 dxc4 8. Bxc4 Nd5 9. Bxe7 Qxe7 10. e4 Nxc3 11. bxc3 b6 12. O-O Bb7 13. Qe2 Nd7 14. Rfe1 Rfe8 15. Bd3 c5 16. Rac1 cxd4 17. cxd4 Rac8 18. Qb2 Nf6 19. Rxc8 Rxc8 20. Rc1 Rxc1+ 21. Qxc1 Bxe4 22. Bxe4 Nxe4 23. Qc8+ Qf8 24. Qb7 Nf6 25. Ne5 Nd5 26. Qxa7 h6 27. g3 f6 28. Ng6 Qe8 29. Nh4 Qh5 30. Qb8+ Kh7 31. Qc8 Qf7 32. Nf3 Qe7 33. h4 h5 34. Kg2 b5 35. Qc6 b4 36. Qc4 Qa7 37. Qd3+ Kg8 38. Qg6 Qf7 39. Qb1 Qe8 40. Qd3 Qa8 41. Qg6 Kf8 42. Qe4 Kf7 43. Qc2 Nc3 44. Qh7 Qxa2 45. Qxh5+ Kf8 46. Qh8+ Kf7 47. Qh5+ Ke7 48. Qc5+ Kf7 49. Qxb4 Nd5 50. Qb7+ Ne7 51. Qe4 Qd5 52. Qxd5 Nxd5 53. g4 Kg6 54. Kg3 Nc3 55. Nd2 Ne2+ 56. Kf3 Nxd4+ 57. Ke4 Nc6 58. f4 Ne7 59. Nf3 Kf7 60. g5 Nf5 61. h5 Ng3+ 62. Ke3 Nxh5 63. gxf6 gxf6 64. Nd4 Ng7 65. Ke4 Kg6 66. Nf3 Nf5 67. Nd2 Nd6+ 68. Kf3 Kf5 69. Nf1 Ne4 70. Ne3+ Kg6 71. Kxe4 Kf7 72. Nc4 Ke7 73. Kd4 Kf7 74. Kc5 Kg6 75. Ne3 e5 76. f5+ Kg5 77. Kd5 Kf4 78. Ke6 Kxe3 79. Kxf6 Kd4 80. Kg5 e4 81. Kf4 e3 82. Kf3 Kd3 83. f6 e2 84. Kf2 Kd2 0-1


[Site "https://www.chess.com"]

[Event "Titled Tuesday Blitz July 11 Early 2023"]
[White "Vifleemskaia, Svetlana"]
[Black "Tokhirjonova, Gulrukhbegim"]
[WhiteFideId "4129490"]
[BlackFideId "14203626"]
[WhiteElo "2298"]
[BlackElo "2507"]
[Result "1-0"]
[Round "2"]
[TimeControl "180+2"]
[Date "2023.07.11"]
[WhiteClock "0:01:22"]
[BlackClock "0:01:05"]
[Board "173"]

1. d4 Nf6 2. c4 e6 3. Nc3 Bb4 4. e3 b6 5. Ne2 Bb7 6. a3 Be7 7. d5 exd5 8. cxd5 O-O 9. g3 a5 10. Bg2 Na6 11. O-O d6 12. Nd4 Nc5 13. Nc6 Bxc6 14. dxc6 Re8 15. Bd2 Bf8 16. b4 axb4 17. axb4 Rxa1 18. Qxa1 Nb3 19. Qb2 Nxd2 20. Qxd2 g6 21. Ra1 Bg7 22. Ra2 h5 23. h3 Re5 24. Qd3 Nh7 25. Qa6 Nf8 26. Qb7 Re8 27. Nd5 Ne6 28. Ra7 Re7 29. Ra8 Re8 30. Rxd8 Rxd8 31. Nxc7 d5 32. Nxe6 fxe6 33. c7 1-0


[Site "https://www.chess.com"]

[Event "Titled Tuesday Blitz July 11 Early 2023"]
[White "brm72"]
[Black "Ardila, Oscar Humberto"]
[BlackFideId "4404742"]
[WhiteElo "2507"]
[BlackElo "2297"]
[Result "1-0"]
[Round "2"]
[TimeControl "180+2"]
[Date "2023.07.11"]
[WhiteClock "0:01:47"]
[BlackClock "0:00:11"]
[Board "174"]

1. e4 e5 2. Nf3 Nf6 3. Nxe5 d6 4. Nf3 Nxe4 5. Nc3 Nxc3 6. dxc3 Be7 7. Bf4 O-O 8. Qd2 Nd7 9. O-O-O Nf6 10. Kb1 d5 11. Bd3 c5 12. Ne5 Be6 13. f3 Qa5 14. g4 c4 15. Be2 Rfc8 16. h4 b5 17. h5 b4 18. cxb4 Bxb4 19. c3 Bf8 20. g5 Ne8 21. g6 f6 22. gxh7+ Kxh7 23. Ng6 Bf5+ 24. Ka1 Rc6 25. Nxf8+ Kg8 26. Qxd5+ Qxd5 27. Rxd5 Bd3 28. Bxd3 cxd3 29. Ng6 Nc7 30. Bxc7 Rxc7 31. Rxd3 Re8 32. Rhd1 Kf7 33. Rd7+ Rxd7 34. Rxd7+ Ke6 35. Rxg7 Kf5 36. a3 Re1+ 37. Ka2 Rh1 38. Rxa7 Rxh5 39. Ra5+ Kxg6 40. Rxh5 Kxh5 41. a4 Kg5 42. a5 Kf4 43. a6 Kxf3 44. a7 Ke2 45. a8=Q f5 46. Qg2+ Ke3 47. b4 1-0


[Site "https://www.chess.com"]

[Event "Titled Tuesday Blitz July 11 Early 2023"]
[White "Korelskiy, Egor"]
[Black "Vaglio Munoz, Jaime"]
[WhiteFideId "34329064"]
[BlackFideId "6500145"]
[WhiteElo "2505"]
[BlackElo "2294"]
[Result "1-0"]
[Round "2"]
[TimeControl "180+2"]
[Date "2023.07.11"]
[WhiteClock "0:00:14"]
[BlackClock "0:00:42"]
[Board "175"]

1. e4 c5 2. Nf3 Qa5 3. Nc3 a6 4. d4 b5 5. dxc5 e6 6. Bd2 b4 7. Ne2 Bxc5 8. Ned4 Qb6 9. Be3 Nc6 10. Qd2 Nf6 11. Nxc6 Bxe3 12. fxe3 dxc6 13. e5 Nd5 14. e4 Ne7 15. Bd3 c5 16. O-O-O Bb7 17. Rdf1 Rd8 18. Ng5 O-O 19. Qf2 Ng6 20. Qg3 c4 21. Bxc4 Qd4 22. Bd3 Qxe5 23. Qg4 h6 24. Nxf7 Rxf7 25. Rxf7 Kxf7 26. Rf1+ Ke7 27. Qxg6 Qg5+ 28. Qxg5+ hxg5 29. h3 Rd4 30. Re1 e5 31. Kd2 a5 32. Ke3 a4 33. a3 bxa3 34. bxa3 Kd6 35. Rb1 Bc6 36. Rb8 Kc7 37. Rg8 Rd7 38. g4 Kd6 39. Rf8 Kc5 40. Rf5 Re7 41. Rxg5 Bb5 42. Rg6 Bxd3 43. cxd3 Rb7 44. Re6 Rb3 45. Rxe5+ Kc6 46. Rg5 Rxa3 47. Rxg7 Ra1 48. Ra7 a3 49. h4 a2 50. Kd4 Kb6 51. Ra8 Kb7 52. Ra3 Kb6 53. h5 Kb5 54. h6 Kb4 55. Ra8 Kb3 56. g5 Rh1 57. e5 Rh4+ 58. Kd5 Rh5 59. d4 Rxg5 60. h7 Rh5 61. Rb8+ Kc2 62. Ra8 Kb3 63. Rxa2 Kxa2 64. Kd6 Rxh7 65. e6 Kb3 66. e7 Rh8 67. Ke6 Kc4 68. d5 Rh6+ 69. Kf5 Rh8 70. d6 Kd5 71. d7 Rh1 72. d8=Q+ Kc5 73. e8=Q Rf1+ 74. Kg4 Rg1+ 75. Kh3 Rb1 76. Kg2 Rb2+ 77. Kf3 Rb3+ 78. Ke4 Rb4+ 79. Ke5 Rb5 80. Qc8+ Kb4+ 81. Qxb5+ Kxb5 82. Kd5 Kb4 83. Qc4+ Ka5 84. Qb3 Ka6 85. Kc6 Ka7 86. Qb7# 1-0


[Site "https://www.chess.com"]